Bruins vs Devils

Created - November 23 2007 at 19:09

Goals
1 2 3 T
Bruins 0 2 1 3
Devils 2 1 2 5
Shots
1 2 3 T
Bruins 2 6 4 12
Devils 14 7 9 30

Period #1

1. Devils , Mike Comrie 6 (Mike Ribeiro, Jamie Langenbrunner) at 8:24
2. Devils , Mike Comrie 7 (Jamie Langenbrunner, Zach Parise) at 16:59

Penalties :
Glen Murray (BOS) for Roughing (Minor) at 3:32, Shane Hnidy (BOS) for Holding (Minor) at 9:26, Miroslav Satan (NJD) for Hooking (Minor) at 14:51

Period #2

3. Bruins , Rick Nash 11 (Zdeno Chara, Patrice Bergeron) at 1:20
4. Devils , Miroslav Satan 8 (Patrik Elias, Scott Gomez) at 5:28
5. Bruins , Zdeno Chara 5 (Rick Nash, Patrice Bergeron) at 12:01 (PP)

Penalties :
Zdeno Chara (BOS) for Roughing (Minor) at 2:15, Rostislav Klesla (BOS) for Holding (Minor) at 7:20, Brian Rafalski (NJD) for Holding (Minor) at 11:34, Brendan Witt (NJD) for Roughing (Minor) at 13:37, Jeffrey Hamilton (BOS) for Elbowing (Minor) at 19:17

Period #3

6. Devils , Jamie Langenbrunner 7 (Chris Chelios, Travis Zajac) at 11:05 (PP)
7. Bruins , Marco Sturm 9 (Zdeno Chara, Garnet Exelby) at 11:27
8. Devils , Brian Gionta 9 (Brian Rafalski, Zach Parise) at 14:28

Penalties :
Brian Rafalski (NJD) for Holding (Minor) at 6:45, Bobby Holik (BOS) for Interference (Minor) at 9:09, Scott Walker (BOS) for Hooking (Minor) at 15:36, Shane Doan (BOS) for Hooking (Minor) at 18:05

Goalie Stats

Dominik Hasek (BOS), 25 saves from 30 shots - (0.833), L, 12-11-0, 60:00 minutes
Martin Brodeur (NJD), 9 saves from 12 shots - (0.750), W, 14-11-2, 60:00 minutes

Players Stats

Bruins
Player Name              G  A  P  +/- PIM S  H  SB FO MP 
-----------------------------------------------------------
Bobby Holik              0  0  0   0  2   0  0  0  17 13 
Garnet Exelby            0  1  1   1  0   0  0  0  0  19 
Georges Laraque          0  0  0   0  0   0  0  0  0  5  
Glen Murray              0  0  0   1  2   0  3  0  2  16 
Jeffrey Hamilton         0  0  0  -2  2   1  1  0  1  13 
Marco Sturm              1  0  1   1  0   2  0  0  0  14 
Mike Richards            0  0  0  -2  0   1  0  0  15 19 
P.J. Axelsson            0  0  0   0  0   0  1  1  2  13 
Patrice Bergeron         0  2  2  -1  0   2  0  1  23 22 
Rick Nash                1  1  2  -1  0   2  3  1  1  18 
Rostislav Klesla         0  0  0  -2  2   0  1  2  0  18 
Ruslan Salei             0  0  0  -1  0   0  3  0  0  20 
Sami Salo                0  0  0   0  0   1  1  0  0  23 
Scott Walker             0  0  0  -2  2   1  0  0  1  13 
Sean Avery               0  0  0   1  0   0  2  0  12 15 
Shane Doan               0  0  0  -1  2   1  3  0  0  14 
Shane Hnidy              0  0  0  -2  2   0  0  1  0  21 
Zdeno Chara              1  2  3   0  2   1  0  1  0  22 
Devils
Player Name              G  A  P  +/- PIM S  H  SB FO MP 
-----------------------------------------------------------
Brad Lukowich            0  0  0   0  0   3  1  0  0  23 
Brendan Witt             0  0  0   0  2   3  1  0  0  22 
Brian Gionta             1  0  1   1  0   1  7  0  0  9  
Brian Rafalski           0  1  1   1  4   3  0  2  0  17 
Chris Chelios            0  1  1  -1  0   0  0  3  0  21 
Colin White              0  0  0   2  0   1  0  0  0  18 
Jamie Langenbrunner      1  2  3   2  0   1  0  0  2  21 
John Madden              0  0  0   0  0   0  0  0  0  8  
Juraj Kolnik             0  0  0  -1  0   0  0  0  0  9  
Michael Nylander         0  0  0   1  0   3  1  0  21 19 
Mike Comrie              2  0  2   2  0   3  1  0  10 14 
Mike Ribeiro             0  1  1   2  0   2  4  0  1  21 
Miroslav Satan           1  0  1   0  2   4  1  1  1  21 
Patrik Elias             0  1  1   0  0   2  4  1  3  22 
Paul Martin              0  0  0   1  0   0  1  1  0  24 
Scott Gomez              0  1  1   0  0   1  0  0  16 13 
Travis Zajac             0  1  1  -1  0   1  1  0  4  12 
Zach Parise              0  2  2   1  0   2  1  0  16 18 

3 Stars

1 - Mike Comrie (NJD)
2 - Jamie Langenbrunner (NJD)
3 - Brian Gionta (NJD)

Power Play

Bruins - 1 on 4 Attempt(s) - 25.00%
Devils - 1 on 8 Attempt(s) - 12.50%

Penalty Kill

Bruins - 7 on 8 Attempt(s) - 87.50% - Score 0 goal in Penalty Kill
Devils - 3 on 4 Attempt(s) - 75.00% - Score 0 goal in Penalty Kill

Game Notes

No Game Note

Finance

Level 1 -- Attendance: 4429 (68.14%) -- Ticket Income $442,900.00
Level 2 -- Attendance: 3641 (65.72%) -- Ticket Income $218,460.00
Level 3 -- Attendance: 1358 (67.90%) -- Ticket Income $47,530.00
Level 4 -- Attendance: 3850 (96.26%) -- Ticket Income $77,000.00
Luxury Box -- Attendance: 929 (92.95%) -- Ticket Income $185,800.00
Game was played at the Continental Airlines Arena
Total Attendance: 14207 (74.62%)
Total Ticket Income: $1,043,339.00
Other Income: $166,388.70
Total Income: $1,209,728.00


Play by Play

Period #1

0:01 of 1st period - Scott Gomez wins face-off versus Patrice Bergeron in neutral zone.
0:28 of 1st period - Shot by Scott Gomez.
0:28 of 1st period - Stopped by Dominik Hasek without a rebound.
0:29 of 1st period - Sean Avery wins face-off versus Zach Parise in Bruins zone.
0:29 of 1st period - Sean Avery is hit by Brian Gionta.
0:38 of 1st period - Icing by Sami Salo.
0:39 of 1st period - Mike Comrie wins face-off versus Sean Avery in Bruins zone.
0:41 of 1st period - Mike Ribeiro is hit by Sami Salo and loses puck.
2:26 of 1st period - Shot by Scott Walker.
2:26 of 1st period - Shot Misses the Net.
3:13 of 1st period - Icing by Rostislav Klesla.
3:14 of 1st period - Michael Nylander wins face-off versus Mike Richards in Bruins zone.
3:15 of 1st period - Shot by Brian Rafalski.
3:15 of 1st period - Stopped by Dominik Hasek without a rebound.
3:16 of 1st period - Sean Avery wins face-off versus Michael Nylander in Bruins zone.
3:32 of 1st period - Minor Penalty to Glen Murray for Roughing.
3:33 of 1st period - Michael Nylander wins face-off versus Bobby Holik in neutral zone.
3:46 of 1st period - Shot by Brian Rafalski.
3:46 of 1st period - Stopped by Dominik Hasek without a rebound.
3:47 of 1st period - Bobby Holik wins face-off versus Jamie Langenbrunner in Bruins zone.
3:53 of 1st period - Icing by Zach Parise.
3:54 of 1st period - Bobby Holik wins face-off versus Zach Parise in Devils zone.
4:37 of 1st period - Shot by Brian Rafalski.
4:37 of 1st period - Shot Misses the Net.
4:39 of 1st period - Shot by Michael Nylander.
4:39 of 1st period - Shot Misses the Net.
4:41 of 1st period - Shot by Brendan Witt.
4:41 of 1st period - Shot Blocked by Patrice Bergeron.
4:59 of 1st period - Shot by Michael Nylander.
4:59 of 1st period - Shot Misses the Net.
5:25 of 1st period - Shot by Zach Parise.
5:25 of 1st period - Stopped by Dominik Hasek without a rebound.
5:26 of 1st period - Bobby Holik wins face-off versus Zach Parise in Bruins zone.
5:52 of 1st period - Shot by Travis Zajac.
5:52 of 1st period - Stopped by Dominik Hasek without a rebound.
5:53 of 1st period - Jamie Langenbrunner wins face-off versus Rick Nash in Bruins zone.
6:29 of 1st period - Shot by Jeffrey Hamilton.
6:29 of 1st period - Shot Blocked by Paul Martin.
6:31 of 1st period - Shot by Jeffrey Hamilton.
6:31 of 1st period - Stopped by Martin Brodeur without a rebound.
6:32 of 1st period - P.J. Axelsson wins face-off versus Scott Gomez in Devils zone.
6:54 of 1st period - Miroslav Satan is hit by Ruslan Salei and loses puck.
6:58 of 1st period - Icing by Sami Salo.
6:59 of 1st period - Bobby Holik wins face-off versus Michael Nylander in Bruins zone.
7:12 of 1st period - Shot by Zach Parise.
7:12 of 1st period - Stopped by Dominik Hasek with a rebound.
7:14 of 1st period - Shot by Brad Lukowich.
7:14 of 1st period - Stopped by Dominik Hasek without a rebound.
7:15 of 1st period - Travis Zajac wins face-off versus Mike Richards in Bruins zone.
7:34 of 1st period - Shot by Juraj Kolnik.
7:34 of 1st period - Shot Hit the Post.
7:39 of 1st period - Icing by Jeffrey Hamilton.
7:40 of 1st period - Jeffrey Hamilton wins face-off versus Scott Gomez in Bruins zone.
7:46 of 1st period - Shot by Miroslav Satan.
7:46 of 1st period - Stopped by Dominik Hasek without a rebound.
7:47 of 1st period - Mike Ribeiro wins face-off versus Patrice Bergeron in Bruins zone.
7:58 of 1st period - Shot by Mike Comrie.
7:58 of 1st period - Shot Misses the Net.
8:22 of 1st period - Shot by Mike Ribeiro.
8:22 of 1st period - Shot Misses the Net.
8:24 of 1st period - Shot by Mike Comrie.
8:24 of 1st period - Goal by Mike Comrie - Bruins : 0 - Devils : 1.
8:25 of 1st period - Sean Avery wins face-off versus Michael Nylander in neutral zone.
8:25 of 1st period - Glen Murray is hit by Brian Gionta and loses puck.
9:24 of 1st period - Icing by Chris Chelios.
9:25 of 1st period - Scott Gomez wins face-off versus Mike Richards in Devils zone.
9:25 of 1st period - Scott Gomez is hit by Jeffrey Hamilton.
9:26 of 1st period - Minor Penalty to Shane Hnidy for Holding.
9:27 of 1st period - Bobby Holik wins face-off versus Patrik Elias in Devils zone.
10:25 of 1st period - Icing by Paul Martin.
10:26 of 1st period - Patrice Bergeron wins face-off versus Zach Parise in Devils zone.
11:26 of 1st period - Icing by Brendan Witt.
11:27 of 1st period - Mike Richards wins face-off versus Travis Zajac in Devils zone.
11:59 of 1st period - Shot by Mike Richards.
11:59 of 1st period - Shot Misses the Net.
12:14 of 1st period - Off-side.
12:15 of 1st period - Patrice Bergeron wins face-off versus Mike Comrie in neutral zone.
12:30 of 1st period - Shot by Mike Comrie.
12:30 of 1st period - Stopped by Dominik Hasek without a rebound.
12:31 of 1st period - Sean Avery wins face-off versus Scott Gomez in Bruins zone.
12:31 of 1st period - Sean Avery is hit by Miroslav Satan.
13:07 of 1st period - Shot by Marco Sturm.
13:07 of 1st period - Shot Misses the Net.
13:26 of 1st period - Mike Ribeiro is hit by Sean Avery and loses puck.
13:57 of 1st period - Shot by Mike Comrie.
13:57 of 1st period - Shot Hit the Post.
14:21 of 1st period - Ruslan Salei is hit by Brian Gionta and loses puck.
14:26 of 1st period - Shot by Brian Gionta.
14:26 of 1st period - Shot Misses the Net.
14:28 of 1st period - Shot by Brian Rafalski.
14:28 of 1st period - Shot Misses the Net.
14:32 of 1st period - Shot by Michael Nylander.
14:32 of 1st period - Shot Blocked by Zdeno Chara.
14:51 of 1st period - Minor Penalty to Miroslav Satan for Hooking.
14:52 of 1st period - Michael Nylander wins face-off versus Patrice Bergeron in Devils zone.
14:52 of 1st period - Michael Nylander is hit by Shane Doan.
15:02 of 1st period - Brendan Witt is hit by Rick Nash and loses puck.
15:34 of 1st period - Off-side.
15:35 of 1st period - Bobby Holik wins face-off versus Zach Parise in neutral zone.
16:02 of 1st period - Shot by Ruslan Salei.
16:02 of 1st period - Shot Misses the Net.
16:57 of 1st period - Shot by Jamie Langenbrunner.
16:57 of 1st period - Shot Misses the Net.
16:59 of 1st period - Shot by Mike Comrie.
16:59 of 1st period - Goal by Mike Comrie - Bruins : 0 - Devils : 2.
17:00 of 1st period - Mike Richards wins face-off versus Scott Gomez in neutral zone.
17:15 of 1st period - Shot by Scott Walker.
17:15 of 1st period - Shot Blocked by Chris Chelios.
17:19 of 1st period - Shot by Jeffrey Hamilton.
17:19 of 1st period - Shot Blocked by Chris Chelios.
17:54 of 1st period - Bobby Holik is hit by Paul Martin.
18:06 of 1st period - Shot by Sami Salo.
18:06 of 1st period - Stopped by Martin Brodeur without a rebound.
18:07 of 1st period - Sean Avery wins face-off versus Michael Nylander in Devils zone.
18:57 of 1st period - Off-side.
18:58 of 1st period - Mike Comrie wins face-off versus Patrice Bergeron in neutral zone.
19:00 of 1st period - Jamie Langenbrunner is hit by Rick Nash and loses puck.
19:25 of 1st period - Shot by Mike Ribeiro.
19:25 of 1st period - Stopped by Dominik Hasek without a rebound.
19:26 of 1st period - Scott Gomez wins face-off versus Mike Richards in Bruins zone.
19:47 of 1st period - Shot by Miroslav Satan.
19:47 of 1st period - Stopped by Dominik Hasek with a rebound.
19:49 of 1st period - Shot by Brendan Witt.
19:49 of 1st period - Stopped by Dominik Hasek without a rebound.
19:50 of 1st period - Patrice Bergeron wins face-off versus Travis Zajac in Bruins zone.

Period #2

0:01 of 2nd period - Patrice Bergeron wins face-off versus Patrik Elias in neutral zone.
0:06 of 2nd period - Shot by Rick Nash.
0:06 of 2nd period - Deflect By Patrice Bergeron.
0:06 of 2nd period - Stopped by Martin Brodeur without a rebound.
0:07 of 2nd period - Michael Nylander wins face-off versus Sean Avery in Devils zone.
0:07 of 2nd period - Brian Rafalski is hit by Glen Murray and loses puck.
0:14 of 2nd period - Shot by Marco Sturm.
0:14 of 2nd period - Shot Blocked by Brian Rafalski.
0:45 of 2nd period - Michael Nylander is hit by Sean Avery and loses puck.
1:20 of 2nd period - Shot by Rick Nash.
1:20 of 2nd period - Goal by Rick Nash - Bruins : 1 - Devils : 2.
1:21 of 2nd period - Mike Comrie wins face-off versus Mike Richards in neutral zone.
1:39 of 2nd period - Icing by Shane Hnidy.
1:40 of 2nd period - Scott Gomez wins face-off versus Mike Richards in Bruins zone.
1:47 of 2nd period - Shot by Patrik Elias.
1:47 of 2nd period - Stopped by Dominik Hasek without a rebound.
1:48 of 2nd period - Patrice Bergeron wins face-off versus Scott Gomez in Bruins zone.
2:15 of 2nd period - Minor Penalty to Zdeno Chara for Roughing.
2:16 of 2nd period - Bobby Holik wins face-off versus Zach Parise in Bruins zone.
2:27 of 2nd period - Garnet Exelby is hit by Brad Lukowich and loses puck.
3:21 of 2nd period - Icing by Miroslav Satan.
3:22 of 2nd period - Bobby Holik wins face-off versus Michael Nylander in Devils zone.
3:41 of 2nd period - Ruslan Salei is hit by Michael Nylander and loses puck.
5:08 of 2nd period - Shot by Mike Ribeiro.
5:08 of 2nd period - Shot Misses the Net.
5:12 of 2nd period - Shot by Mike Comrie.
5:12 of 2nd period - Shot Misses the Net.
5:14 of 2nd period - Shot by Mike Comrie.
5:14 of 2nd period - Shot Blocked by Rick Nash.
5:16 of 2nd period - Shot by Colin White.
5:16 of 2nd period - Stopped by Dominik Hasek without a rebound.
5:17 of 2nd period - Mike Richards wins face-off versus Scott Gomez in Bruins zone.
5:28 of 2nd period - Shot by Miroslav Satan.
5:28 of 2nd period - Goal by Miroslav Satan - Bruins : 1 - Devils : 3.
5:29 of 2nd period - Mike Comrie wins face-off versus Scott Walker in neutral zone.
5:32 of 2nd period - Shane Hnidy is hit by Mike Ribeiro and loses puck.
5:45 of 2nd period - Shot by Mike Richards.
5:45 of 2nd period - Stopped by Martin Brodeur without a rebound.
5:46 of 2nd period - Patrice Bergeron wins face-off versus Scott Gomez in Devils zone.
5:49 of 2nd period - Shot by Shane Doan.
5:49 of 2nd period - Shot Misses the Net.
6:25 of 2nd period - Miroslav Satan is hit by Shane Doan and loses puck.
6:51 of 2nd period - Scott Walker is hit by Patrik Elias and loses puck.
7:04 of 2nd period - Scott Walker is hit by Brendan Witt and loses puck.
7:20 of 2nd period - Minor Penalty to Rostislav Klesla for Holding.
7:21 of 2nd period - Zach Parise wins face-off versus Patrice Bergeron in Bruins zone.
9:21 of 2nd period - Icing by Zach Parise.
9:22 of 2nd period - Mike Comrie wins face-off versus Sean Avery in Devils zone.
9:22 of 2nd period - Jamie Langenbrunner is hit by Glen Murray and loses puck.
10:44 of 2nd period - Rick Nash is hit by Brian Gionta and loses puck.
10:59 of 2nd period - Shot by Patrice Bergeron.
10:59 of 2nd period - Shot Blocked by Brian Rafalski.
11:04 of 2nd period - Icing by Brad Lukowich.
11:05 of 2nd period - Michael Nylander wins face-off versus Mike Richards in Devils zone.
11:14 of 2nd period - Rostislav Klesla is hit by Zach Parise and loses puck.
11:34 of 2nd period - Minor Penalty to Brian Rafalski for Holding.
11:35 of 2nd period - Michael Nylander wins face-off versus Glen Murray in neutral zone.
11:38 of 2nd period - Patrice Bergeron is hit by Patrik Elias and loses puck.
11:59 of 2nd period - Shot by Rick Nash.
11:59 of 2nd period - Stopped by Martin Brodeur with a rebound.
12:01 of 2nd period - Shot by Zdeno Chara.
12:01 of 2nd period - Goal by Zdeno Chara - Bruins : 2 - Devils : 3.
12:02 of 2nd period - Mike Comrie wins face-off versus Bobby Holik in neutral zone.
12:02 of 2nd period - Jamie Langenbrunner is hit by P.J. Axelsson and loses puck.
13:37 of 2nd period - Minor Penalty to Brendan Witt for Roughing.
13:38 of 2nd period - Patrice Bergeron wins face-off versus Michael Nylander in Devils zone.
13:48 of 2nd period - Patrice Bergeron is hit by Patrik Elias.
14:14 of 2nd period - Zdeno Chara is hit by Patrik Elias and loses puck.
14:36 of 2nd period - Shot by Marco Sturm.
14:36 of 2nd period - Stopped by Martin Brodeur without a rebound.
14:37 of 2nd period - Zach Parise wins face-off versus Sean Avery in Devils zone.
15:48 of 2nd period - Shot by Mike Ribeiro.
15:48 of 2nd period - Shot Misses the Net.
15:52 of 2nd period - Shot by Jamie Langenbrunner.
15:52 of 2nd period - Shot Misses the Net.
15:54 of 2nd period - Shot by Mike Comrie.
15:54 of 2nd period - Shot Blocked by Shane Hnidy.
16:05 of 2nd period - Scott Walker is hit by Mike Ribeiro and loses puck.
16:45 of 2nd period - Shot by Travis Zajac.
16:45 of 2nd period - Shot Blocked by Rostislav Klesla.
16:47 of 2nd period - Shot by Brad Lukowich.
16:47 of 2nd period - Stopped by Dominik Hasek without a rebound.
16:48 of 2nd period - Sean Avery wins face-off versus Scott Gomez in Bruins zone.
16:53 of 2nd period - Shot by Sami Salo.
16:53 of 2nd period - Shot Blocked by Chris Chelios.
17:38 of 2nd period - Shot by Michael Nylander.
17:38 of 2nd period - Stopped by Dominik Hasek with a rebound.
18:04 of 2nd period - Shot by Michael Nylander.
18:04 of 2nd period - Stopped by Dominik Hasek without a rebound.
18:05 of 2nd period - Patrice Bergeron wins face-off versus Mike Comrie in Bruins zone.
18:05 of 2nd period - Patrice Bergeron is hit by Mike Comrie.
19:17 of 2nd period - Minor Penalty to Jeffrey Hamilton for Elbowing.
19:18 of 2nd period - Zach Parise wins face-off versus Bobby Holik in Devils zone.
19:29 of 2nd period - Shot by Mike Ribeiro.
19:29 of 2nd period - Stopped by Dominik Hasek without a rebound.
19:30 of 2nd period - Bobby Holik wins face-off versus Patrik Elias in Bruins zone.
19:43 of 2nd period - Shot by Michael Nylander.
19:43 of 2nd period - Shot Blocked by Rostislav Klesla.
19:45 of 2nd period - Shot by Brendan Witt.
19:45 of 2nd period - Shot Misses the Net.

Period #3

0:01 of 3rd period - Bobby Holik wins face-off versus Michael Nylander in neutral zone.
0:32 of 3rd period - Shot by Patrik Elias.
0:32 of 3rd period - Stopped by Dominik Hasek without a rebound.
0:33 of 3rd period - Bobby Holik wins face-off versus Zach Parise in Bruins zone.
0:48 of 3rd period - Shot by Mike Ribeiro.
0:48 of 3rd period - Shot Misses the Net.
0:50 of 3rd period - Shot by Brad Lukowich.
0:50 of 3rd period - Shot Misses the Net.
0:52 of 3rd period - Shot by Brad Lukowich.
0:52 of 3rd period - Stopped by Dominik Hasek without a rebound.
0:53 of 3rd period - Michael Nylander wins face-off versus Patrice Bergeron in Bruins zone.
1:27 of 3rd period - Travis Zajac is hit by Glen Murray and loses puck.
1:42 of 3rd period - Shot by Travis Zajac.
1:42 of 3rd period - Shot Misses the Net.
3:34 of 3rd period - Shot by Mike Richards.
3:34 of 3rd period - Shot Misses the Net.
4:31 of 3rd period - Shot by Patrice Bergeron.
4:31 of 3rd period - Stopped by Martin Brodeur without a rebound.
4:32 of 3rd period - Scott Gomez wins face-off versus Patrice Bergeron in Devils zone.
4:39 of 3rd period - Shot by Miroslav Satan.
4:39 of 3rd period - Stopped by Dominik Hasek without a rebound.
4:40 of 3rd period - Bobby Holik wins face-off versus Michael Nylander in Bruins zone.
4:57 of 3rd period - Off-side.
4:58 of 3rd period - Miroslav Satan wins face-off versus Mike Richards in neutral zone.
5:42 of 3rd period - Shot by Mike Richards.
5:42 of 3rd period - Shot Misses the Net.
6:09 of 3rd period - Icing by Brian Rafalski.
6:10 of 3rd period - Sean Avery wins face-off versus Michael Nylander in Devils zone.
6:10 of 3rd period - Sean Avery is hit by Brian Gionta.
6:45 of 3rd period - Minor Penalty to Brian Rafalski for Holding.
6:46 of 3rd period - Glen Murray wins face-off versus Michael Nylander in neutral zone.
7:11 of 3rd period - Shot by Glen Murray.
7:11 of 3rd period - Shot Blocked by Patrik Elias.
7:53 of 3rd period - Shot by Shane Doan.
7:53 of 3rd period - Stopped by Martin Brodeur without a rebound.
7:54 of 3rd period - Zach Parise wins face-off versus Patrice Bergeron in Devils zone.
7:54 of 3rd period - Miroslav Satan is hit by Rick Nash and loses puck.
8:18 of 3rd period - Shot by Zdeno Chara.
8:18 of 3rd period - Shot Misses the Net.
8:22 of 3rd period - Shot by Rick Nash.
8:22 of 3rd period - Shot Blocked by Miroslav Satan.
9:09 of 3rd period - Minor Penalty to Bobby Holik for Interference.
9:10 of 3rd period - P.J. Axelsson wins face-off versus Zach Parise in Bruins zone.
9:30 of 3rd period - Icing by Brad Lukowich.
9:31 of 3rd period - Patrice Bergeron wins face-off versus Zach Parise in Devils zone.
11:03 of 3rd period - Shot by Chris Chelios.
11:03 of 3rd period - Shot Misses the Net.
11:05 of 3rd period - Shot by Jamie Langenbrunner.
11:05 of 3rd period - Goal by Jamie Langenbrunner - Bruins : 2 - Devils : 4.
11:06 of 3rd period - Travis Zajac wins face-off versus Sean Avery in neutral zone.
11:23 of 3rd period - Shot by Marco Sturm.
11:23 of 3rd period - Shot Misses the Net.
11:27 of 3rd period - Shot by Marco Sturm.
11:27 of 3rd period - Goal by Marco Sturm - Bruins : 3 - Devils : 4.
11:28 of 3rd period - Mike Richards wins face-off versus Mike Comrie in neutral zone.
11:44 of 3rd period - Shot by Scott Walker.
11:44 of 3rd period - Stopped by Martin Brodeur without a rebound.
11:45 of 3rd period - Scott Gomez wins face-off versus Patrice Bergeron in Devils zone.
11:45 of 3rd period - Scott Gomez is hit by Shane Doan.
11:52 of 3rd period - Icing by Patrik Elias.
11:53 of 3rd period - Bobby Holik wins face-off versus Scott Gomez in Devils zone.
12:12 of 3rd period - Shot by Patrik Elias.
12:12 of 3rd period - Shot Blocked by P.J. Axelsson.
12:14 of 3rd period - Shot by Brendan Witt.
12:14 of 3rd period - Stopped by Dominik Hasek without a rebound.
12:15 of 3rd period - Patrice Bergeron wins face-off versus Michael Nylander in Bruins zone.
12:17 of 3rd period - Zdeno Chara is hit by Brian Gionta and loses puck.
12:30 of 3rd period - Shot by Michael Nylander.
12:30 of 3rd period - Stopped by Dominik Hasek without a rebound.
12:31 of 3rd period - Mike Richards wins face-off versus Mike Comrie in Bruins zone.
13:04 of 3rd period - Shot by Scott Walker.
13:04 of 3rd period - Shot Misses the Net.
13:28 of 3rd period - Marco Sturm is hit by Mike Ribeiro and loses puck.
14:28 of 3rd period - Shot by Brian Gionta.
14:28 of 3rd period - Goal by Brian Gionta - Bruins : 3 - Devils : 5.
14:29 of 3rd period - Scott Gomez wins face-off versus Mike Richards in neutral zone.
15:13 of 3rd period - Patrik Elias is hit by Rostislav Klesla and loses puck.
15:29 of 3rd period - Icing by Shane Hnidy.
15:30 of 3rd period - Mike Richards wins face-off versus Michael Nylander in Bruins zone.
15:30 of 3rd period - Scott Walker is hit by Brian Gionta and loses puck.
15:36 of 3rd period - Minor Penalty to Scott Walker for Hooking.
15:37 of 3rd period - Patrice Bergeron wins face-off versus Zach Parise in neutral zone.
15:37 of 3rd period - Patrice Bergeron is hit by Travis Zajac.
16:01 of 3rd period - Shot by Michael Nylander.
16:01 of 3rd period - Shot Hit the Post.
16:48 of 3rd period - Patrik Elias is hit by Ruslan Salei and loses puck.
16:51 of 3rd period - Shot by Brendan Witt.
16:51 of 3rd period - Stopped by Dominik Hasek without a rebound.
16:52 of 3rd period - Zach Parise wins face-off versus Patrice Bergeron in Bruins zone.
17:40 of 3rd period - Scott Gomez is hit by Ruslan Salei and loses puck.
18:05 of 3rd period - Minor Penalty to Shane Doan for Hooking.
18:06 of 3rd period - Patrice Bergeron wins face-off versus Michael Nylander in neutral zone.
18:26 of 3rd period - Shot by Brian Rafalski.
18:26 of 3rd period - Shot Misses the Net.
18:39 of 3rd period - Off-side.
18:40 of 3rd period - Bobby Holik wins face-off versus Zach Parise in neutral zone.
18:51 of 3rd period - Mike Richards is hit by Mike Ribeiro and loses puck.
19:46 of 3rd period - Shot by Brian Rafalski.
19:46 of 3rd period - Stopped by Dominik Hasek without a rebound.
19:47 of 3rd period - Michael Nylander wins face-off versus Patrice Bergeron in Bruins zone.


Output by the SimonT Hockey Simulator (STHS) for Stephane Roy -- Original Page W3C XHTML 1.0 Valid